 Dungeon Crawl Stone Soup version 0.29.1-13-g9f3cf754e1 (webtiles) character file.

Game seed: 2579130273125787254

89 cheesebisquit the Digger (level 4, -3/25 HPs)
             Began as a Gargoyle Earth Elementalist on Jan 25, 2023.
             Killed from afar by an orc wizard (8 damage)
             ... with a magic dart
             ... on level 3 of the Dungeon.
             The game lasted 00:08:32 (2825 turns).

cheesebisquit the Digger (GrEE)                     Turns: 2825, Time: 00:08:32

Health: -3/25      AC:  5    Str: 11    XL:     4   Next: 55%
Magic:  8/8        EV: 11    Int: 18    God:
Gold:   108        SH:  0    Dex: 10    Spells: 4/8 levels left

rFire   . . .      SeeInvis .   i - staff of conjuration
rCold   . . .      Faith    .   (no shield)
rNeg    + . .      Spirit   .   a - +0 robe
rPois   ∞          Reflect  .   (no helmet)
rElec   +          Harm     .   (no cloak)
rCorr   .          Rampage  .   (no gloves)
Will    .....                   (no boots)
Stlth   ++........              (no amulet)
HPRegen 0.08/turn               (no ring)
MPRegen 0.11/turn               (no ring)

@: mighty, attractive, flying, hasted, invisible, very quick
A: sickness immunity, AC +3, negative energy resistance 1, electricity
resistance, torment resistance 1, petrification resistance
a: no special abilities


You were on level 3 of the Dungeon.
You visited 1 branch of the dungeon, and saw 3 of its levels.

You collected 108 gold pieces.

Inventory:

Hand Weapons
 c - a +0 club
Missiles
 l - 7 poisoned darts
 n - 3 boomerangs
Armour
 a - a +0 robe (worn)
Magical Staves
 i - a staff of conjuration (weapon)
Scrolls
 d - 2 scrolls of identify {unknown}
 g - a scroll of enchant weapon {unknown}
 j - a scroll of blinking {unknown}
 k - a scroll of teleportation {unknown}
 m - a scroll of summoning {unknown}
 o - a scroll of vulnerability {unknown}
 p - a scroll of poison {unknown}
 q - a scroll of enchant armour {unknown}
Potions
 r - a potion of attraction


   Skills:
 + Level 1.0 Fighting
 + Level 0.8 Staves
 - Level 1.5 Dodging
 - Level 2.1 Stealth
 + Level 2.9 Spellcasting
 + Level 1.0 Conjurations
 - Level 0.7 Transmutations
 + Level 4.6 Earth Magic
 + Level 0.7 Evocations


You had 4 spell levels left.
You knew the following spells:

 Your Spells              Type           Power      Damage    Failure   Level
a - Sandblast             Erth           38%        2d10      2%          1
b - Stone Arrow           Conj/Erth      38%        3d9       16%         3

Your spell library contained the following spells:

 Spells                   Type           Power      Damage    Failure   Level
 Passwall                 Tmut/Erth      10%        N/A       9%          2
 Blink                    Tloc           4%         N/A       26%         2
 Confusing Touch          Hex            2%         N/A       45%         3
 Lesser Beckoning         Tloc           2%         N/A       45%         3
 Petrify                  Tmut/Erth      12%        N/A       47%         4
 Yara's Violent Unravell  Hex/Tmut       1%         3d3       98%         5
 Manifold Assault         Tloc           2%         N/A       99%         5
 Enfeeble                 Hex            1%         N/A       100%        7


Dungeon Overview and Level Annotations

Branches:
Dungeon (3/15)

Altars:


Innate Abilities, Weirdness & Mutations

You are immune to sickness and miasma.
Your stone body is resilient. (AC +3)
You are immune to poison.
You resist negative energy. (rN+)
You are resistant to electric shocks. (rElec)
You are resistant to unholy torment.
You are immune to petrification.


Message History

It was a potion of flight.
You feel very buoyant.
You fly up into the air.
The orc wizard closely misses you.
It was a potion of haste.
You feel yourself speed up. The orc wizard misses you.
The goblin shoots a sling bullet.
The sling bullet hits the orc!
The orc dies!
The goblin is attracted toward you. The orc wizard is attracted toward you.
The goblin is attracted toward you. The orc wizard is attracted toward you.
The goblin is attracted toward you.
The goblin shoots a sling bullet.
The sling bullet hits the orc wizard.
The orc wizard is attracted toward you. The goblin is attracted toward you.
The orc wizard is attracted toward you. The goblin is attracted toward you.
The orc wizard is attracted toward you. The goblin is attracted toward you.
The orc wizard is attracted toward you. The goblin is attracted toward you.
The orc wizard is attracted toward you. The orc wizard is attracted toward you.
The orc wizard is attracted toward you. The goblin is attracted toward you.
The goblin shoots a sling bullet.
The sling bullet barely misses the orc wizard.
The sling bullet misses you. The goblin is attracted toward you.
The orc wizard is attracted toward you. The goblin is attracted toward you.
The goblin shoots a sling bullet.
The sling bullet hits the orc wizard.
The goblin is attracted toward you. The orc wizard is attracted toward you.
The goblin is attracted toward you.
The goblin shoots a sling bullet.
The sling bullet closely misses the orc wizard.
The sling bullet closely misses you. The orc wizard is attracted toward you.
The goblin is attracted toward you.
The goblin shoots a sling bullet.
The sling bullet hits the orc wizard but does no damage.
The goblin is attracted toward you. The orc wizard is attracted toward you.
The orc wizard gestures wildly while chanting.
The orc wizard flickers and vanishes!
Deactivating autopickup; reactivate with Ctrl-A.
Something is attracted toward you. The goblin is attracted toward you.
A magic dart appears from out of thin air!
The magic dart hits you!
You die...

#§# #)....+ ###... #.#
.)....# #>.... #§#
.......#######.... #§#
..(................ #§#
#########...... #§#
#.......#...... #.#
#.#####.'......
#§#######.#######......
#.§g{.@.........#......
#########+#####'#......
#.............))..###
#.................###
#...........†).(..'..
#..............)..###
#...................#
#..............####.#
#..............####.#


You could see a goblin (wandering, unable to see you).

Vanquished Creatures
  An adder (D:3)
  A worm (D:3)
  2 dart slugs (D:1)
  13 orcs (D:3)
  3 bats
  5 endoplasms
  2 giant cockroaches
  5 hobgoblins
  8 jackals (D:2)
  3 ball pythons
  A frilled lizard (D:2)
  2 goblins (D:1)
  6 kobolds
  4 rats
56 creatures vanquished.

Vanquished Creatures (others)
  An orc (D:3)
  2 plants (D:1)
3 creatures vanquished.

Grand Total: 59 creatures vanquished

Notes
Turn   | Place    | Note
-------+----------+-------------------------------------------
     0 | D:1      | cheesebisquit the Gargoyle Earth Elementalist began the
                  | quest for the Orb.
     0 | D:1      | Reached XP level 1. HP: 10/10 MP: 3/3
   281 | D:1      | Reached XP level 2. HP: 11/15 MP: 0/5
   375 | D:1      | Found a faded altar of an unknown god.
   397 | D:1      | Reached skill level 4 in Earth Magic
  1300 | D:2      | Reached XP level 3. HP: 17/19 MP: 1/6
  1418 | D:2      | Learned a level 3 spell: Stone Arrow
  2519 | D:3      | Reached XP level 4. HP: 24/24 MP: 4/8
  2556 | D:3      | Found the +7 captain's cutlass {speed, disarm}
  2683 | D:3      | Reached skill level 1 in Fighting
  2785 | D:3      | Reached skill level 1 in Conjurations
  2825 | D:3      | Killed from afar by an orc wizard

Illustrated notes

Levels and vault maps discovered:
D:1:      roderic_octagonal_star, layout_loops_ring,
          shapermc_ecumenical_altar_gd, roderic_serpentine_path
D:2:      layout_basic, chequers_serial_rivers_micro_d, hangedman_decor_growths,
          hangedman_glass_garden
D:3:      layout_basic

Skill      XL: |  1  2  3  4 |
---------------+-------------+-----
Earth Magic    | 4 |  4.6
Fighting       | 1 |  1.0
Conjurations   | 1 |  1.0
Staves         | |  0.8
Dodging        | |  1.5
Stealth        | |  2.1
Spellcasting   | |  2.9
Transmutations | |  0.7
Evocations     | |  0.7

Action                   |  1- 3 |  4- 6 || total
-------------------------+-------+-------++-------
Melee: Club              |    18 |       ||    18
       Staff             |     4 |     4 ||     8
Throw: Dart              |       |     1 ||     1
 Cast: Sandblast         |    70 |    21 ||    91
  Use: Potion            |       |     6 ||     6
Armor: Robe              |    24 |     8 ||    32
Dodge: Dodged            |    52 |    10 ||    62
